 Dungeon Crawl Stone Soup version bcrawl-1.28.4 (webtiles) character file.

Game seed: 17902465524837057407

124616 Mehrunes the Grave Robber (level 5, -4/28 (29) HPs)
             Began as a Skeleton Necromancer on Jan 18, 2021.
             Slain by a gnoll
             ... wielding a +1 quarterstaff of crushing
              (9 damage)
             ... on level 2 of the Dungeon.
             The game lasted 00:08:19 (3457 turns).

Mehrunes the Grave Robber (Skeleton Necromancer)    Turns: 3457, Time: 00:08:20

HP:   -4/28 (29)    AC:  6    Str: 16    XL:     5   Next: 42%
MP:   0/9           EV: 11    Int: 13    God:
Gold: 115           SH:  0    Dex:  9    Spells: 1/10 levels left

rFire    . . .     SeeInvis .   h - +0 spear (flame)
rCold    + . .     Gourm    .   (no shield)
rNeg     + + +     Faith    .   m - +0 scale mail
rPois    ∞         Spirit   +   (no helmet)
rElec    .         Reflect  .   (no cloak)
rCorr    .         Harm     .   (no gloves)
MR       .....                  (no boots)
Stlth    +.........             (no amulet)
HPRegen  0.09/turn              (no ring)
MPRegen  0.11/turn              (no ring)

@: very slightly contaminated
A: no food or potions, cold resistance 1, deterioration 1, negative energy
resistance 3, torment resistance, unbreathing, magic shield, sturdy frame 1,
spell healing
a: no special abilities


You were on level 2 of the Dungeon.
You were not hungry.

You visited 1 branch of the dungeon, and saw 3 of its levels.

You collected 115 gold pieces.

Inventory:

Hand Weapons
 a - a +1 dagger
 g - a +0 falchion
 h - a +0 spear of flaming (weapon)
 i - a +1 vampiric spear
Armour
 b - a +0 robe
 f - a +0 chain mail
 k - a +0 ring mail
 m - a +0 scale mail (worn)
Scrolls
 c - 2 scrolls of fog {unknown}
 d - 2 scrolls of enchant armour {unknown}
 e - 3 scrolls of identify
 j - a scroll of teleportation {unknown}
 l - a scroll of immolation {unknown}


   Skills:
 - Level 1.6 Fighting
 + Level 2.7 Polearms
 + Level 2.9 Armour
 - Level 2.2 Dodging
 - Level 2.4 Stealth
 - Level 3.0 Spellcasting
 - Level 5.4 Necromancy


You had one spell level left.
You knew the following spells:

 Your Spells              Type           Power        Failure   Level  Hunger
a - Animate Skeleton      Necr           N/A          5%          1    N/A
b - Pain                  Necr           ###...       5%          1    N/A
c - Vampiric Draining     Necr           ###.......   16%         3    N/A
d - Agony                 Necr           ###.....     47%         4    N/A

Your spell library contained the following spells:

 Spells                   Type           Power        Failure   Level  Hunger
 Animate Dead             Necr           N/A          47%         4    N/A
 Dispel Undead            Necr           ###.....     83%         5    N/A

Dungeon Overview and Level Annotations

Branches:
Dungeon (3/12)

Altars:


Innate Abilities, Weirdness & Mutations

You do not eat or drink.
You are immune to poison.
Your flesh is cold resistant. (rC+)
Your body sometimes deteriorates upon taking damage.
You are immune to negative energy. (rN+++)
You are immune to unholy pain and torment.
You can survive without breathing.
When hurt, damage is shared between your health and your magic reserves.
Your movements are slightly less encumbered by armour. (ER -2)
Casting spells heals you.


Message History

Press: ? - help, Shift-Dir - straight line, f/p - gnoll
Aim: a gnoll, wielding a +1 quarterstaff of crushing (moderately wounded)
The gnoll is severely wounded.
You feel life coursing into your body.
The gnoll hits you with a +1 quarterstaff of crushing!
* * * LOW HITPOINT WARNING * * *
x2 Your magical contamination has completely faded away.
The gnoll barely misses you.
Evoke which item? (* to show all) (? for menu, Esc to quit)
Okay, then.
Casting: Vampiric Draining (safe; 16% risk of failure)
Confirm with . or Enter, or press ? or * to list all spells.
Aiming: Vampiric Draining (safe; 16% risk of failure)
Press: ? - help, Shift-Dir - straight line, f/p - gnoll
Aim: a gnoll, wielding a +1 quarterstaff of crushing (severely wounded)
You miscast Vampiric Draining.
You are very lightly contaminated with residual magic.
You smell decay.
The gnoll hits you with a +1 quarterstaff of crushing!
You die...

#..<...# ###>...#.#
#......#.##
####.#.......#
#.......###..#
####.##.#..###..#
#.......#.......####
#.##.#####g#.......#
#####.##.#####@#.##.##.#
#..............#.##.##.##
#..##..#.##......##.....#
#..##..#.##...!..#####..#
#..#...#.##......#####..#
#..#.#.#.##.............#
#........##.....######..#
#......######.### #.##
###.....# #.### #.#


You could see a gnoll.

Vanquished Creatures
  2 gnolls (D:3)
  An adder (D:3)
  A river rat (D:2)
  3 worms
  3 dart slugs
  2 leopard geckos
  9 orcs (D:3)
  A ball python (D:2)
  4 bats
  5 giant cockroaches
  7 goblins
  7 hobgoblins
  11 jackals
  3 quokkas
  2 frilled lizards
  8 kobolds
  10 rats
79 creatures vanquished.

Vanquished Creatures (collateral kills)
  A scorpion (D:3)
1 creature vanquished.

Grand Total: 80 creatures vanquished

Notes
Turn   | Place    | Note
-------+----------+-------------------------------------------
     0 | D:1      | Mehrunes the Skeleton Necromancer began the quest for the
                  | Orb.
     0 | D:1      | Reached XP level 1. HP: 10/10 MP: 4/4
   221 | D:1      | Reached XP level 2. HP: 16/16 MP: 1/6
   411 | D:1      | Reached skill level 1 in Armour
   586 | D:1      | Reached skill level 1 in Fighting
   809 | D:1      | Reached skill level 5 in Necromancy
   854 | D:1      | Reached XP level 3. HP: 20/20 MP: 5/7
   888 | D:1      | Learned a level 3 spell: Vampiric Draining
  2207 | D:2      | Reached XP level 4. HP: 25/25 MP: 4/8
  2281 | D:2      | Learned a level 4 spell: Agony
  2832 | D:2      | Reached skill level 1 in Polearms
  2968 | D:3      | Reached XP level 5. HP: 19/29 MP: 2/9
  3457 | D:2      | Slain by a gnoll

Skill      XL: |  1  2  3  4 |
---------------+-------------+-----
Armour         | 1 2 |  2.9
Fighting       | 1 |  1.6
Necromancy     | 5 |  5.4
Polearms       | 2 |  2.7
Dodging        | |  2.2
Stealth        | |  2.4
Spellcasting   | |  3.0

Action                   |  1- 3 |  4- 6 || total
-------------------------+-------+-------++-------
Melee: Dagger            |    29 |       ||    29
       Spear             |     6 |    54 ||    60
 Cast: Pain              |   106 |    60 ||   166
       Animate Skeleton  |       |     2 ||     2
       Vampiric Draining |       |     2 ||     2
 Stab: Sleeping          |     1 |       ||     1
Armor: Robe              |     9 |       ||     9
       Ring mail         |       |     3 ||     3
       Scale mail        |       |    20 ||    20
Dodge: Dodged            |    39 |    55 ||    94
